 Dungeon Crawl Stone Soup version 0.28.0-49-g6dfe1f597d (webtiles) character file.

Game seed: 18096009787539587739

952 VictoriousLee the Basher (level 7, -7/52 HPs)
             Began as a Demonspawn Abyssal Knight on May 16, 2022.
             Was an Elder of Lugonu.
             Mangled by an orc warrior
             ... wielding a +0 mace
              (15 damage)
             ... on level 4 of the Dungeon.
             The game lasted 00:16:20 (5403 turns).

VictoriousLee the Basher (DsAK)                     Turns: 5403, Time: 00:16:20

Health: -7/52      AC: 11    Str: 15    XL:     7   Next: 90%
Magic:  8/8        EV: 10    Int: 14    God:    Lugonu [****..]
Gold:   268        SH:  0    Dex: 13    Spells: 6/6 levels left

rFire   . . .      SeeInvis .   a - +1 mace
rCold   . . .      Faith    .   (no shield)
rNeg    . . .      Spirit   .   e - +0 ring mail
rPois   +          Reflect  .   (no helmet)
rElec   .          Harm     .   j - +0 cloak
rCorr   .          Rampage  .   (no gloves)
Will    .....                   D - +0 pair of boots
Stlth   +.........              (no amulet)
HPRegen 0.17/turn               k - ring of poison resistance
MPRegen 0.11/turn               w - +4 ring of protection

@: no status effects
A: claws 2, demonic guardian 1, big brain 1, condensation shield
a: Renounce Religion, Depart the Abyss, Bend Space, Banish, Corrupt


You were on level 4 of the Dungeon.
You worshipped Lugonu.
Lugonu was greatly pleased with you.
You visited 1 branch of the dungeon, and saw 4 of its levels.
You visited the Abyss 1 time.
You also visited: Sewer.

You collected 268 gold pieces.

Inventory:

Hand Weapons
 a - a +1 mace (weapon)
 f - a +0 dagger of venom
 g - a +2 vampiric dagger
 B - a +1 dagger of electrocution
 E - a +0 hand axe
 F - a +0 hand axe of flaming
Missiles
 c - a throwing net
 l - 191 stones
 m - 10 poisoned darts
 C - 13 arrows
Armour
 b - a +0 leather armour
 e - a +0 ring mail (worn)
 j - a +0 cloak (worn)
 y - a +0 chain mail
 D - a +0 pair of boots (worn)
Jewellery
 k - a ring of poison resistance (left claw)
 w - a +4 ring of protection (right claw)
 x - a ring of magical power
Wands
 u - a wand of iceblast (7)
Scrolls
 n - a scroll of teleportation {unknown}
 p - a scroll of enchant armour {unknown}
 q - 2 scrolls of amnesia {unknown}
 v - 2 scrolls of fear {unknown}
 z - a scroll of torment {unknown}
 A - a scroll of blinking {unknown}
Potions
 d - a potion of attraction
 h - a potion of cancellation
 i - a potion of lignification
 o - a potion of mutation
 r - a potion of heal wounds {unknown}
 s - 2 potions of invisibility
 t - a potion of haste {unknown}


   Skills:
 - Level 3.0 Fighting
 * Level 8.5 Maces & Flails
 - Level 1.7 Armour
 - Level 0.8 Dodging
 - Level 0.4 Stealth
 - Level 2.4 Invocations


You had 6 spell levels left.
You didn't know any spells.
Your spell library contained the following spells:

 Spells                   Type           Power      Damage    Failure   Level
 Inner Flame              Hex/Fire       0%         N/A       86%         3
 Cause Fear               Hex            0%         N/A       99%         4
 Discord                  Hex            0%         N/A       100%        8


Dungeon Overview and Level Annotations

Branches:
Dungeon (4/15)              Sewer (visited)
 Temple: D:4-7

Altars:
Okawaru


Innate Abilities, Weirdness & Mutations

You have very sharp fingernails.
A weak demonic guardian rushes to your aid.
You have an unusually large brain. (Int +2)
A meltable shield of frost defends you. (SH +0)


Message History

You are too confused!
You are too confused!
You feel less confused.
You hit the orc wizard.
The orc wizard is lightly wounded.
You block the orc wizard's attack. The orc warrior completely misses you.
You hit the orc wizard.
The orc wizard is moderately wounded.
The orc wizard casts a spell at you. The puff of flame hits you.
Your condensation shield dissipates!
The orc warrior hits you with a +0 mace!
You hit the orc wizard.
The orc wizard is heavily wounded.
The orc wizard hits you but does no damage.
You barely miss the orc wizard.
The orc wizard is heavily wounded.
The orc warrior hits you with a +0 mace.
The orc wizard closely misses you.
You barely miss the orc wizard.
The orc wizard is heavily wounded.
The orc warrior hits you with a +0 mace!
The orc wizard casts a spell at you.
The magic dart hits you but does no damage.
You hit the orc wizard.
The orc wizard is severely wounded.
The orc warrior hits you with a +0 mace!
* * * LOW HITPOINT WARNING * * *
The orc wizard hits you but does no damage.
You barely miss the orc wizard.
The orc wizard is severely wounded.
The orc warrior hits you with a +0 mace.
* * * LOW HITPOINT WARNING * * *
A demonic guardian appears!
The orc wizard hits you but does no damage.
You hit the orc wizard.
You kill the orc wizard!
Lugonu accepts your kill.
The orc warrior hits you with a +0 mace!
You die...

#..........+..
#..........#.#
#..........#.# ####
########..[##...##.≈
#...####....###...###+###..
#.).........#..............
#.......5...#..............
#........o..#...)..........
#...##...)@###..<###...##.#
# #.....###...###...##)#
#...)........#......).
#............#........
#.......)....#........
##.#..##.#..#..##.....
#.#..##.####.########
#..#####..###.#
...oo......##.#


You could see an orc warrior (ally target) and a friendly iron imp (summoned).

Vanquished Creatures
  Grinder (D:4)
  A phantom (Sewer)
  2 kobold brigands (Sewer)
  A water moccasin skeleton (D:4)
  2 bullfrog skeletons (D:4)
  2 orc priests
  2 iguanas (D:4)
  2 orc wizards (D:4)
  A hound skeleton (D:4)
  4 gnolls (D:3)
  5 adders
  3 shadow imps (Sewer)
  An ufetubus (Sewer)
  An adder skeleton (D:3)
  3 worms (D:2)
  3 dart slugs
  14 orcs
  A bat zombie (Sewer)
  9 endoplasms
  8 giant cockroaches
  4 hobgoblins
  9 jackals
  4 quokkas
  6 ball pythons
  8 bats
  2 frilled lizards
  2 giant cockroach zombies (Sewer)
  11 goblins
  32 kobolds
  A quokka skeleton (D:4)
  4 rats
149 creatures vanquished.

Vanquished Creatures (collateral kills)
  A gnoll (D:3)
  An orc (D:3)
2 creatures vanquished.

Vanquished Creatures (others)
  A fungus (D:1)
1 creature vanquished.

Grand Total: 152 creatures vanquished

Notes
Turn   | Place    | Note
-------+----------+-------------------------------------------
     0 | Abyss:1  | VictoriousLee the Demonspawn Abyssal Knight began the quest
                  | for the Orb.
     0 | Abyss:1  | Reached XP level 1. HP: 18/18 MP: 2/2
    12 | D:1      | Escaped the Abyss
    67 | D:1      | Reached skill level 2 in Maces & Flails
    96 | D:1      | Found a faded altar of an unknown god.
   379 | D:1      | Gained mutation: You have sharp fingernails. [demonic
                  | ancestry]
   379 | D:1      | Reached XP level 2. HP: 24/24 MP: 3/3
  1313 | D:1      | Reached skill level 3 in Maces & Flails
  1314 | D:1      | Gained mutation: You have an unusually large brain. (Int
                  | +2) [demonic ancestry]
  1314 | D:1      | Reached XP level 3. HP: 6/29 MP: 4/4
  1774 | D:2      | Reached ** piety under Lugonu
  2045 | D:2      | You fall into a shaft and drop 2 floors!
  2053 | D:4      | Reached XP level 4. HP: 35/35 MP: 5/5
  2086 | D:4      | Found a glowing drain.
  2092 | D:4      | Reached skill level 4 in Maces & Flails
  2137 | Sewer    | Entered a sewer
  2348 | Sewer    | Noticed a kobold brigand
  2367 | Sewer    | Noticed a kobold brigand
  2374 | Sewer    | Killed a kobold brigand
  2375 | Sewer    | Reached skill level 5 in Maces & Flails
  2375 | Sewer    | Gained mutation: A meltable shield of frost defends you.
                  | (SH +0) [demonic ancestry]
  2375 | Sewer    | Reached XP level 5. HP: 34/41 MP: 6/6
  2536 | Sewer    | Found an ancient bone altar of Kikubaaqudgha.
  2540 | Sewer    | Reached *** piety under Lugonu
  2588 | Sewer    | Noticed a phantom
  2602 | Sewer    | Killed a phantom
  2603 | Sewer    | Reached skill level 6 in Maces & Flails
  2603 | Sewer    | Gained mutation: A weak demonic guardian rushes to your
                  | aid. [demonic ancestry]
  2603 | Sewer    | Reached XP level 6. HP: 19/47 MP: 7/7
  2953 | D:4      | Noticed Grinder
  2988 | D:4      | Paralysed by Grinder for 5 turns
  3000 | D:4      | Killed Grinder
  3001 | D:4      | Reached skill level 7 in Maces & Flails
  3001 | D:4      | Gained mutation: You have very sharp fingernails. [demonic
                  | ancestry]
  3001 | D:4      | Reached XP level 7. HP: 20/52 MP: 8/8
  4618 | D:3      | Reached skill level 8 in Maces & Flails
  4654 | D:3      | Reached **** piety under Lugonu
  5082 | D:3      | Found an iron altar of Okawaru.
  5403 | D:4      | Mangled by an orc warrior

Illustrated notes

Levels and vault maps discovered:
D:1:      amcnicky_arrival_choice, layout_loops_cross,
          dreamdust_ecumenical_altar_grove, chequers_decorated_corner
D:2:      layout_basic, minmay_circle_x
D:3:      layout_rooms, okawaru_altar_gauntlet_db
D:4:      layout_gridville, gup_sewer_entry_pipe, grunt_ministairs_15,
          uniq_grinder, uniq_crazy_yiuf_cottage

Skill      XL: |  1  2  3  4  5  6  7 |
---------------+----------------------+-----
Maces & Flails | 2 3 5 6 7 8 |  8.5
Fighting       | |  3.0
Armour         | |  1.7
Dodging        | |  0.8
Stealth        | |  0.4
Invocations    | |  2.4

Action                   |  1- 3 |  4- 6 |  7- 9 || total
-------------------------+-------+-------+-------++-------
Melee: Mace              |   142 |   155 |   231 ||   528
       Punch             |       |     2 |     3 ||     5
  Use: Potion            |     1 |     2 |     1 ||     4
       Scroll            |       |       |     5 ||     5
Armor: Ring mail         |    75 |    80 |   102 ||   257
Dodge: Dodged            |   103 |    90 |   102 ||   295
Block: Other             |       |     6 |    20 ||    26
